 Dungeon Crawl Stone Soup version 0.23.2-1-ga50397a (webtiles) character file.

Game seed: 16367611104886473780

2678 goulibeur the Skirmisher (level 9, 0/81 HPs)
             Began as a Green Draconian Berserker on May 24, 2019.
             Was a Priest of Trog.
             Slain by a warg (12 damage)
             ... on level 6 of the Dungeon.
             The game lasted 00:17:56 (7902 turns).

goulibeur the Skirmisher (DrBe)                     Turns: 7902, Time: 00:17:56

Health: 0/81       AC:  9    Str: 20    XL:     9   Next: 37%
Magic:  9/9        EV: 15    Int:  8    God:    Trog [***...]
Gold:   328        SH:  0    Dex: 13    Spells: 8/8 levels left

rFire    . . .     SeeInvis .   g - +0 flail
rCold    . . .     Gourm    .   (no shield)
rNeg     . . .     Faith    .   (armour unavailable)
rPois    +         Spirit   .   (helmet restricted)
rElec    .         Reflect  .   w - +0 cloak
rCorr    .         Harm     .   E - +0 pair of gloves
MR       .....                  (no boots)
Stlth    +.........             (no amulet)
HPRegen  0.23/turn              (no ring)
MPRegen  0.11/turn              (no ring)

@: berserk cooldown, slowed, lightly drained, very slow
A: breathe noxious fumes, unfitting armour, poison resistance, cold-blooded, AC
+7
a: Breathe Noxious Fumes, Berserk, Trog's Hand, Renounce Religion


You were on level 6 of the Dungeon.
You worshipped Trog.
Trog was most pleased with you.
You were very hungry.

You visited 1 branch of the dungeon, and saw 7 of its levels.

You collected 328 gold pieces.

Inventory:

Hand Weapons
 a - a +0 mace
 g - a +0 flail (weapon)
 q - a +3 quarterstaff of chaos
 A - a +1 flail of protection
Missiles
 n - 5 javelins (quivered)
Armour
 w - a +0 cloak (worn)
 E - a +0 pair of gloves (worn)
Jewellery
 i - an uncursed ring of positive energy {unknown}
 p - an uncursed amulet of regeneration {unknown}
Wands
 x - a wand of enslavement (7)
 y - a wand of flame (20)
 B - a wand of polymorph (5)
Scrolls
 c - 6 scrolls of remove curse {unknown}
 e - a scroll of fog {unknown}
 f - 3 scrolls of teleportation {unknown}
 h - 8 scrolls of identify {unknown}
 k - 2 scrolls of magic mapping {unknown}
 o - 2 scrolls of fear {unknown}
 s - a scroll of enchant armour {unknown}
 u - a scroll of immolation {unknown}
 C - a scroll of noise {unknown}
Potions
 d - 2 potions of mutation {unknown}
 j - 2 potions of heal wounds {unknown}
 l - 4 potions of haste {unknown}
 m - 2 potions of resistance {unknown}
 r - a potion of degeneration {unknown}
 t - a potion of flight {unknown}
 v - 2 potions of agility {unknown}
 z - a potion of curing {unknown}
Comestibles
 b - 9 rations


   Skills:
 + Level 7.8(7.7) Fighting
 + Level 7.1 Maces & Flails
 + Level 5.7(5.6) Throwing
 + Level 6.4 Dodging


You had 8 spell levels left.
You didn't know any spells.
Your spell library was empty.

Dungeon Overview and Level Annotations

Branches:
Dungeon (7/15)             Temple (0/1) D:6

Altars:
Ru
Uskayaw
Vehumet
Wu Jian
Zin


Innate Abilities, Weirdness & Mutations

You can breathe blasts of noxious fumes.
Your lurid green scales are hard. (AC +7)
You cannot fit into any form of body armour.
Your system is resistant to poisons. (rPois)
You are cold-blooded and may be slowed by cold attacks.


Message History

The warg is lightly wounded.
The warg closely misses you. The warg misses you.
You hit the warg but do no damage.
The warg is lightly wounded.
The warg barely misses you. The warg completely misses you.
You hit the warg.
The warg is moderately wounded.
The warg closely misses you. The warg bites you but does no damage.
You barely miss the warg.
The warg is moderately wounded.
The warg bites you! The warg bites you.
You closely miss the warg.
The warg is moderately wounded.
The warg misses you. x2
You hit the warg but do no damage.
Your tail-slap misses the warg.
The warg is moderately wounded.
The warg bites you!
* * * LOW HITPOINT WARNING * * *
The warg bites you!
You die...

#.## #.#.#..##.# #..#
#.#.......##### ##.#
#.#.##.##.(...# #.#
#.#...........# ####.#
#.#..###(###..# ..##.#
#.##.#.....#..#
..##.###.##.#(....#..#
..##..##.##..........#
..###.##.##(#...@h#..#
..# #..#.#..#...(.#.##
######.#.#..###.###.#
.........#..........#
#######..#....#.#####
#.>#.####.# ##.#.# #.#
#.#.# #.# #.#.# #.#


You could see a warg.

Vanquished Creatures
  Prince Ribbit (D:6)
  Grinder (D:4)
  Sigmund (D:3)
  A warg (D:7)
  Menkaure (D:4)
  Edmund (D:5)
  Duvessa (D:4)
  3 ice beasts
  2 ogres (D:5)
  2 centaurs
  A bullfrog (D:6)
  Dowan (D:4)
  A scorpion (D:5)
  A killer bee (D:5)
  2 howler monkeys
  3 crimson imps (D:5)
  2 hounds
  A jelly (D:5)
  A bullfrog skeleton (D:5)
  2 orc priests
  4 orc wizards
  Crazy Yiuf (D:4)
  2 iguanas
  A worker ant (D:5)
  2 worker ant zombies
  7 gnolls
  8 adders
  2 oozes
  An adder skeleton (D:6)
  4 worms
  4 dart slugs
  2 leopard geckos
  14 orcs
  3 ball pythons
  13 bats
  4 giant cockroaches
  6 goblins
  5 hobgoblins
  9 jackals
  A quokka (D:4)
  2 frilled lizards
  11 kobolds
  2 leopard gecko skeletons
  5 rats
142 creatures vanquished.

Notes
Turn   | Place    | Note
-------+----------+-------------------------------------------
     0 | D:1      | goulibeur the Draconian Berserker began the quest for the
                  | Orb.
     0 | D:1      | Reached XP level 1. HP: 19/19 MP: 1/1
   259 | D:1      | Reached XP level 2. HP: 10/26 MP: 2/2
  1047 | D:1      | Reached skill level 1 in Throwing
  1130 | D:2      | Reached XP level 3. HP: 19/33 MP: 3/3
  1506 | D:2      | Reached ** piety under Trog
  1594 | D:2      | You fall through a shaft!
  1654 | D:3      | Noticed Sigmund
  1663 | D:3      | Killed Sigmund
  1663 | D:3      | Reached XP level 4. HP: 41/41 MP: 4/4
  1663 | D:3      | Reached XP level 5. HP: 47/47 MP: 5/5
  2117 | D:3      | Found a sacrificial altar of Ru.
  2549 | D:4      | Noticed Duvessa
  2549 | D:4      | Noticed Dowan
  2724 | D:2      | Reached XP level 6. HP: 51/53 MP: 6/6
  3167 | D:4      | Noticed Grinder
  3174 | D:4      | Paralysed by Grinder for 4 turns
  3180 | D:4      | Killed Grinder
  3180 | D:4      | Reached skill level 5 in Fighting
  3340 | D:4      | Killed Duvessa
  3340 | D:4      | Your scales start taking on a lurid green colour.
  3340 | D:4      | Reached XP level 7. HP: 47/61 MP: 7/7
  3340 | D:4      | Gained mutation: Your system is resistant to poisons.
                  | (rPois) [Green Draconian growth]
  3356 | D:4      | Killed Dowan
  3356 | D:4      | Reached *** piety under Trog
  3691 | D:4      | Found a runed translucent door.
  3692 | D:4      | Noticed Crazy Yiuf
  3749 | D:4      | Reached skill level 5 in Maces & Flails
  3780 | D:4      | Noticed Menkaure
  4137 | D:4      | Killed Menkaure
  4274 | D:4      | Killed Crazy Yiuf
  4311 | D:5      | Entered Level 5 of the Dungeon
  4490 | D:5      | Reached skill level 5 in Dodging
  4610 | D:5      | Reached XP level 8. HP: 62/70 MP: 8/8
  5077 | D:5      | Noticed Edmund
  5094 | D:5      | Killed Edmund
  5581 | D:5      | Found a radiant altar of Vehumet.
  5581 | D:5      | Found a hide-covered altar of Uskayaw.
  5581 | D:5      | Found an ornate altar of the Wu Jian Council.
  5680 | D:5      | Found a glowing silver altar of Zin.
  5680 | D:5      | Noticed an angel
  6289 | D:5      | Reached skill level 5 in Throwing
  6872 | D:6      | Reached XP level 9. HP: 61/79 MP: 9/9
  6967 | D:6      | Noticed Prince Ribbit
  6982 | D:6      | Killed Prince Ribbit
  7044 | D:6      | Found a staircase to the Ecumenical Temple.
  7902 | D:6      | Slain by a warg

Skill      XL: |  1  2  3  4  5  6  7  8  9 |
---------------+----------------------------+-----
Dodging        | 3 4 5 6 |  6.4
Throwing       | 1 2 3 5 |  5.7
Fighting       | 4 5 6 7 |  7.8
Maces & Flails | 4 5 6 7 |  7.1

Action                   |  1- 3 |  4- 6 |  7- 9 || total
-------------------------+-------+-------+-------++-------
Melee: Mace              |   116 |    23 |       ||   139
       Tailslap          |    18 |    21 |    54 ||    93
       Flail             |       |    94 |   358 ||   452
Throw: Javelin           |       |       |     4 ||     4
Invok: Berserk           |     1 |     2 |    10 ||    13
 Abil: Breathe Noxious F |       |       |     1 ||     1
 Stab: Sleeping          |       |     1 |     2 ||     3
  Eat: Chunk             |     2 |     8 |    17 ||    27
       Ration            |       |       |     2 ||     2
Armor: Skin              |    36 |    44 |    70 ||   150
Dodge: Dodged            |    81 |   102 |   289 ||   472
